Map: Port Aleksander LE

Players

ImmarudamuNA

  • Race: Terran Terran
  • League: Diamond
  • Spawn Location: 11:00

BOOOOOOOOOoM - Winner!

  • Race: Zerg Zerg
  • League: Master
  • Spawn Location: 5:00

VOD

Have the link to the VOD?

Description

ZvT ling bane muta vs mech

Time

  • Played on: Feb. 20, 2019, 5:40 a.m.
  • Length: 11:03
Show
View Real Time Build Order
Export as new Build Order

ImmarudamuNA Terran 

Build Orders: Reaper Expand, Hellion Banshee, Mech 

Get SALT Encoding   

  12  0:01  SCV  
  13  0:13  SCV  
  14  0:18  Supply Depot  
  14  0:25  SCV  
  15  0:39  SCV  
  15  0:40  Barracks  
  16  0:45  Refinery  
  16  0:51  SCV  
  17  1:04  SCV  
  18  1:16  SCV  
  19  1:28  Reaper, Orbital Command  
  20  1:46  Command Center  
  20  1:53  SCV  
  21  2:00  Marine  
  22  2:02  Supply Depot  
  22  2:06  SCV  
  23  2:12  Factory  
  23  2:22  Refinery  
  23  2:24  SCV  
  24  2:32  Barracks Reactor  
  24  2:36  SCV  
  25  2:53  SCV  
  26  3:06  SCV  
  26  3:07  Orbital Command  
  26  3:15  Starport  
  26  3:17  Hellion x2  
  26  3:18  SCV  
  26  3:19  Barracks Tech Lab  
  31  3:31  SCV  
  31  3:33  SCV  
  33  3:38  Hellion x2  
  37  3:43  SCV  
  37  3:46  SCV  
  39  3:55  SCV  
  40  3:56  Supply Depot  
  40  3:58  SCV  
  40  4:00  Hellion x2  
  40  4:01  Cloaking Field  
  45  4:07  SCV  
  46  4:17  SCV, Banshee  
  46  4:19  Supply Depot  
  50  4:25  SCV  
  50  4:27  Hellion  
  53  4:33  SCV  
  53  4:34  Command Center  
  54  4:41  SCV, Hellion  
  58  4:45  SCV  
  58  4:56  SCV  
  58  4:57  SCV, Barracks Tech Lab  
  60  5:01  Factory x2  
  60  5:08  SCV  
  60  5:09  SCV  
  60  5:11  Armory, Refinery  
  60  5:13  Armory, Refinery  
  54  5:20  SCV  
  51  5:26  SCV  
  52  5:31  Hellion x2, Supply Depot  
  52  5:32  SCV, Starport Reactor  
  57  5:40  SCV  
  58  5:45  SCV  
  58  5:49  Orbital Command  
  59  5:52  Hellion x2  
  59  5:53  SCV  
  59  5:54  Siege Tank  
  67  5:58  Terran Vehicle Weapons Level 1  
  67  6:00  Terran Vehicle And Ship Armor Level 1  
  67  6:01  SCV  
  67  6:02  Siege Tank  
  71  6:07  SCV  
  69  6:13  SCV  
  69  6:17  Infernal Pre-Igniter  
  74  6:18  Starport Tech Lab, Hellion x2  
  74  6:19  SCV  
  74  6:23  Orbital Command  
  75  6:28  Supply Depot  
  75  6:29  Supply Depot x2  
  75  6:30  Siege Tank  
  78  6:37  SCV x2  
  84  6:40  Hellion x2  
  84  6:49  SCV x2  
  84  6:51  Siege Tank  
  84  6:52  Refinery  
  89  6:55  Refinery  
  89  6:56  Factory  
  93  7:01  Hellion x2  
  93  7:02  SCV x2  
  93  7:03  SCV  
  93  7:04  Factory  
  96  7:14  SCV x2  
  96  7:15  SCV, Supply Depot, Siege Tank  
  102  7:16  Supply Depot  
  102  7:18  Supply Depot, Starport Reactor  
  106  7:22  Hellion  
  106  7:23  Hellion  
  106  7:26  SCV x2  
  108  7:33  Engineering Bay  
  108  7:37  Siege Tank  
  108  7:41  SCV x2  
  108  7:42  SCV  
  116  7:44  Hellion  
  116  7:48  Supply Depot  
  116  7:49  Supply Depot, Siege Tank  
  116  7:50  Hellion x2  
  123  7:51  Supply Depot  
  123  7:52  Siege Tank  
  123  7:53  SCV x2  
  123  7:55  Terran Vehicle Weapons Level 2  
  128  8:05  Hellion  
  130  8:06  Hellion  
  130  8:09  Viking  
  130  8:10  Viking  
  135  8:13  SCV  
  135  8:15  Terran Vehicle And Ship Armor Level 2  
  135  8:17  Hellion x2  
  135  8:18  Hellion  
  142  8:27  Thor  
  142  8:30  Hellion x2  
  152  8:40  Supply Depot  
  152  8:41  Hellion  
  154  8:42  Supply Depot  
  154  8:44  Supply Depot  
  154  8:46  Viking  
  156  8:58  Smart Servos  
  156  9:01  Viking  
  156  9:02  Hellion x3  
  164  9:03  Thor  
  164  9:07  Missile Turret  
  163  9:11  Missile Turret x2  
  163  9:16  Thor  
  160  9:19  Missile Turret  
  160  9:23  Missile Turret  
  160  9:24  Missile Turret x2  
  154  9:26  SCV x2  
  154  9:28  Thor  
  162  9:32  Viking  
  164  9:42  Hellion x2  
  164  9:43  Hellion  
  170  9:48  Missile Turret  
  99  10:23  Hellion x2  
  99  10:28  Viking x2  
Show
View Real Time Build Order
Export as new Build Order

BOOOOOOOOOoM Zerg - Winner!

Build Orders: 3 Hatch before Pool, Muta Ling Bane 

Get SALT Encoding   

  12  0:00  Drone  
  13  0:13  Overlord  
  13  0:21  Drone  
  14  0:31  Drone  
  14  0:32  Drone  
  16  0:36  Drone  
  17  0:46  Drone  
  18  0:59  Drone  
  19  1:13  Hatchery  
  18  1:28  Hatchery  
  18  1:32  Spawning Pool  
  16  1:41  Drone  
  16  1:42  Drone x2  
  19  1:52  Drone  
  20  2:18  Drone x2  
  22  2:24  Queen  
  22  2:28  Queen  
  26  2:33  Drone x2, Extractor  
  27  2:37  Overlord  
  27  2:43  Extractor  
  26  2:54  Drone x5  
  26  2:58  Drone x2  
  32  3:01  Extractor  
  30  3:08  Drone x3  
  34  3:12  Queen  
  34  3:18  Queen  
  39  3:27  Drone x4  
  42  3:34  Overlord  
  42  3:40  Overlord  
  42  3:53  Drone x8  
  50  4:01  Extractor  
  49  4:03  Extractor  
  49  4:05  Drone x3  
  49  4:08  Queen x2  
  49  4:09  Queen  
  57  4:17  Extractor  
  57  4:18  Extractor  
  55  4:26  Overlord  
  55  4:27  Overlord x2  
  55  4:44  Queen  
  55  4:45  Queen x2  
  61  4:46  Spore Crawler  
  54  5:01  Drone x6  
  57  5:07  Drone  
  57  5:08  Drone x5  
  57  5:13  Drone  
  64  5:15  Drone  
  64  5:19  Spore Crawler  
  64  5:24  Spore Crawler  
  64  5:27  Drone x3  
  66  5:31  Extractor, Lair  
  66  5:32  Extractor  
  64  5:38  Drone x3  
  67  5:48  Drone  
  67  5:49  Drone x4  
  72  5:55  Drone  
  72  5:56  Drone  
  74  5:57  Overlord x2  
  74  5:58  Overlord  
  74  6:11  Overlord x2  
  74  6:12  Metabolic Boost, Overlord  
  74  6:15  Drone  
  74  6:16  Drone x2  
  74  6:17  Drone x3  
  80  6:20  Drone  
  80  6:22  Drone x4  
  86  6:25  Drone  
  86  6:27  Baneling Nest  
  85  6:37  Drone x6  
  91  6:44  Spire  
  90  6:49  Drone x3  
  93  7:01  Hatchery  
  92  7:10  Zergling x2  
  92  7:11  Zergling x18  
  92  7:12  Centrifical Hooks  
  102  7:19  Evolution Chamber  
  102  7:22  Evolution Chamber  
  100  7:35  Infestation Pit  
  99  7:37  Zergling x20  
  109  7:45  Zerg Melee Weapons Level 1  
  109  7:48  Zerg Ground Armor Level 1  
  109  8:06  Mutalisk x3  
  109  8:07  Mutalisk x3  
  109  8:08  Overlord  
  109  8:09  Overlord x2  
  109  8:10  Overlord x2  
  109  8:12  Pneumatized Carapace, Hive  
  121  8:21  Mutalisk x3  
  121  8:26  Hatchery  
  126  8:36  Mutalisk x6  
  126  8:37  Mutalisk x3  
  144  8:52  Mutalisk  
  144  8:53  Mutalisk x2  
  150  9:00  Extractor  
  150  9:02  Extractor, Spore Crawler  
  145  9:08  Zergling x22  
  145  9:09  Zergling x2  
  154  9:10  Baneling  
  154  9:11  Baneling x10  
  154  9:16  Drone x6  
  160  9:18  Drone x3  
  160  9:19  Drone  
  162  9:30  Greater Spire  
  162  9:32  Overlord x3  
  162  9:54  Baneling x15  
  162  9:55  Baneling x5  
  162  10:00  Extractor  
  162  10:01  Zergling x26  
  162  10:02  Extractor, Zergling x4  
  162  10:03  Spore Crawler  
  149  10:14  Mutalisk x5  
  146  10:23  Drone x2  
  146  10:24  Drone x4  
  146  10:25  Drone x2  
  146  10:26  Drone x4  
  146  10:27  Drone x4  
  141  10:38  Zergling x2  
  141  10:39  Zergling x20  
Tags
 
Add a new tag
Caveats
  • Supply blocks, unpowered buildings, or Contaminate may cause inaccurate times.
  • Supply counts are checked every 10 seconds.